[Event "Team 45 45 League T46"]
[Site "Internet Chess Club"]
[Date "2010.08.20"]
[Round "3"]
[White "IanT"]
[Black "Eiliyah1"]
[Result "1-0"]
[WhiteElo "1400"]
[BlackElo "1508"]
[Opening "Pirc: classical (two knights) system"]
[ECO "B08"]
[Time "07:30:12"]
[TimeControl "2700+45"]

1. e4 d6 2. d4 Nf6 3. Nc3 g6 4. Nf3 Bg7 5. Be3 c6 6. Bd3 O-O 7. Qd2 Ng4 8. h3
Nxe3 9. Qxe3 Qb6 10. Rb1 c5 11. Nd5 Qa5+ 12. c3 Nc6 13. dxc5 e6 14. Nf4 Bh6 15.
e5 dxe5 16. Nxe5 Bxf4 17. Nxc6 Qc7 18. Ne7+ Kh8 19. Qd4+ e5 20. Qd6 Qxd6 21.
cxd6 Rd8 22. Nxc8 Raxc8 23. Be4 Bd2+ 24. Kxd2 Rxd6+ 25. Ke3 f5 26. Bxb7 f4+ 27.
Ke2 Rcd8 28. Rhd1 Rxd1 29. Rxd1 Rxd1 30. Kxd1 Kg7 31. Ke2 Kf6 32. Kd3 Kf5 33.
Bc8+ Kf6 34. Ke4 g5 35. c4 {Black resigns} 1-0

[Event "Team 45 45 League T46"]
[Site "Internet Chess Club"]
[Date "2010.08.23"]
[Round "3"]
[White "toukon"]
[Black "fuzzface"]
[Result "1-0"]
[WhiteElo "1672"]
[BlackElo "1402"]
[Opening "Sicilian: Taimanov variation"]
[ECO "B46"]
[Time "14:30:43"]
[TimeControl "2700+45"]

1. e4 c5 2. Nf3 e6 3. Nc3 a6 4. d4 cxd4 5. Nxd4 Nc6 6. Be2 Bb4 7. Nxc6 bxc6 8.
Bd2 d5 9. a3 Bxc3 10. Bxc3 Nf6 11. exd5 cxd5 12. Bb4 a5 13. Bc5 Ba6 14. O-O Bxe2
15. Qxe2 Qc7 16. b4 Nd7 17. Qb5 Qb8 18. Qa4 axb4 19. Qxb4 Qc8 20. Bd6 Ra6 21.
Qf4 Qc6 22. Bb4 Ra4 23. Rfc1 Ra8 24. Qg5 Nc5 25. c4 h6 26. Qxg7 Ke7 27. cxd5
Qxd5 28. Rxc5 Qxg2+ 29. Kxg2 Rhg8 30. Rc7+ Kd8 31. Qxg8+ Kxc7 32. Qxa8 {Black
resigns} 1-0

[Event "Team 45 45 League T46"]
[Site "Internet Chess Club"]
[Date "2010.08.24"]
[Round "3"]
[White "Just-Jim"]
[Black "KidCopperhead"]
[Result "1-0"]
[WhiteElo "1365"]
[BlackElo "1382"]
[Opening "Philidor: exchange variation"]
[ECO "C41"]
[Time "18:00:23"]
[TimeControl "2700+45"]

1. e4 e5 2. Nf3 d6 3. d4 exd4 4. Nxd4 Nf6 5. Nc3 c5 6. Nf3 Be6 7. h3 a6 8. Bg5
Be7 9. Be2 O-O 10. O-O Nc6 11. Bxf6 Bxf6 12. Qd2 Ne5 13. Rab1 Nxf3+ 14. Bxf3 b5
15. e5 dxe5 16. Bxa8 Qxd2 17. Be4 Qd7 18. Rfd1 Qc8 19. Rd3 Bf5 20. Bxf5 Qxf5 21.
Rbd1 Bh4 22. f3 Qc8 23. Nd5 Rd8 24. Kh2 e4 25. fxe4 Qb8+ 26. g3 c4 27. Rf3 Re8
28. Rf4 Bg5 29. Rg4 Qe5 30. Rf1 Qxb2 31. Rxg5 Qxc2+ 32. Kg1 Qxe4 33. Nf6+ Kf8
34. Nxe4 Rxe4 35. Rc5 b4 36. Rb1 c3 37. Rc8+ Ke7 38. Kf2 Rd4 39. Ke3 Rd2 40.
Rxb4 c2 41. Rbc4 c1=Q 42. Rxc1 Rxa2 43. R1c6 Ra3+ 44. Kf2 Ra2+ 45. Kf3 Ra3+ 46.
Ke2 Ra2+ 47. Kd3 a5 48. R8c7+ Kd8 49. Rxf7 a4 50. Ra6 Ra3+ 51. Kc4 Rxg3 52. Ra8#
{Black checkmated} 1-0

[Event "Team 45 45 League T46"]
[Site "Internet Chess Club"]
[Date "2010.08.22"]
[Round "3"]
[White "Jazzy-Jeff"]
[Black "medsurg"]
[Result "0-1"]
[WhiteElo "1191"]
[BlackElo "1247"]
[Opening "QGD: Marshall defense"]
[ECO "D06"]
[Time "21:00:41"]
[TimeControl "2700+45"]

1. d4 d5 2. c4 Nf6 3. cxd5 Qxd5 4. Nf3 Nc6 5. Nc3 Qa5 6. Bd2 Bf5 7. Ne4 Qb6 8.
Nxf6+ gxf6 9. Bc3 O-O-O 10. e3 Bg7 11. Bc4 e6 12. Qe2 Be4 13. O-O Na5 14. Bd3
Bxd3 15. Qxd3 Nc6 16. a3 Ne7 17. Bb4 Nd5 18. Bc5 Qa5 19. b4 Qa4 20. e4 Nf4 21.
Qe3 e5 22. d5 b6 23. Be7 Rd7 24. d6 cxd6 25. Rac1+ Kb7 26. Bxd6 Rxd6 27. Qc3
Ne2+ {White resigns} 0-1

[Event "Team 45 45 League T46"]
[Site "Internet Chess Club"]
[Date "2010.08.23"]
[Round "3"]
[White "GhostMonster"]
[Black "KidBoa"]
[Result "1-0"]
[WhiteElo "1466"]
[BlackElo "1280"]
[Opening "English opening"]
[ECO "A10"]
[Time "15:00:15"]
[TimeControl "2700+45"]

1. c4 d5 2. cxd5 Qxd5 3. Nc3 Qa5 4. g3 c6 5. Bg2 Nf6 6. Nf3 g6 7. O-O Bg7 8. d3
O-O 9. Bd2 Qc7 10. Re1 Be6 11. Qc2 b5 12. Nxb5 Qb6 13. Nc3 Ng4 14. Rf1 Bd4 15.
Nxd4 Qxd4 16. h3 Nf6 17. Ne4 Nxe4 18. Bxe4 Bxh3 19. Rfe1 f5 20. Bf3 Nd7 21. Bxc6
Rac8 22. Qb3+ Rf7 23. Bd5 Ne5 24. Bxf7+ Nxf7 25. Bc3 Qd6 26. Qb7 Rb8 27. Qf3 Ng5
28. Qf4 Qxf4 29. gxf4 Ne6 30. f3 Nxf4 31. Be5 Nxe2+ 32. Rxe2 Rd8 33. Rh2 Rd4 34.
Bxd4 Kf7 35. Rxh3 Ke6 36. Rxh7 g5 37. Re1+ Kd6 38. Rhxe7 Kd5 39. Rd7+ Kc6 40.
Rd8 Kc7 41. Be5+ Kxd8 42. d4 Kd7 43. d5 Kd8 44. d6 Kd7 45. Rc1 Kd8 46. Rd1 Kd7
47. Bf6 g4 48. fxg4 fxg4 49. Kg2 a6 50. Kg3 a5 51. Kxg4 a4 52. b4 axb3 53. axb3
Ke6 54. d7 Kxf6 55. d8=Q+ Ke6 56. Re1+ Kf7 57. Qe7+ Kg6 58. Re6# {Black
checkmated} 1-0

[Event "Team 45 45 League T46"]
[Site "Internet Chess Club"]
[Date "2010.08.22"]
[Round "3"]
[White "alaskauk"]
[Black "crazyhorses"]
[Result "0-1"]
[WhiteElo "1521"]
[BlackElo "1543"]
[Opening "Sicilian: dragon variation"]
[ECO "B70"]
[Time "16:00:23"]
[TimeControl "2700+45"]

1. e4 c5 2. Nf3 d6 3. d4 cxd4 4. Nxd4 Nf6 5. Nc3 g6 6. Bd3 Bg7 7. Qe2 O-O 8. Nf3
Nc6 9. a3 a6 10. Bg5 h6 11. Bxf6 Bxf6 12. Qd2 Bg7 13. Rb1 e6 14. O-O b5 15. h3
Bb7 16. Rfe1 Qb6 17. Ne2 Ne5 18. Nxe5 dxe5 19. Ng3 f5 20. c3 f4 21. Nf1 Rad8 22.
Qc2 Rf7 23. Rbd1 Rfd7 24. Be2 Bf8 25. Rxd7 Rxd7 26. Bf3 a5 27. Qc1 Bc5 28. Qc2
b4 29. cxb4 axb4 30. axb4 Qxb4 31. Rc1 Bd4 32. Rd1 Qb6 33. Rd2 Rc7 34. Qb1 Ba6
35. Be2 Bxf2+ 36. Kh1 Bd4 37. Bxa6 Qxa6 38. Nh2 Qc4 39. Rd1 Qb3 40. Rd2 Kf7 41.
Nf3 Qb6 42. Nxd4 exd4 43. e5 Rc4 44. Kh2 Qb3 45. Rd3 Qb5 46. b3 Rb4 47. Rf3 Qxe5
48. Qc2 Qb8 49. Qe4 e5 50. Qd5+ Kf6 51. Qc6+ Kg7 52. Qe6 Rb6 53. Qd5 Qd6 54. Qe4
Rb8 55. Rd3 Rd8 56. b4 Kf6 57. g3 Qd5 58. Qe2 e4 59. Ra3 f3 60. Qf2 e3 61. Qf1
Rd6 62. Ra5 Qc6 63. Rc5 Qb7 64. Rc2 d3 65. Qa1+ Kf7 66. Qa2+ Re6 67. Rc4 f2 68.
Rf4+ Ke7 69. Qc4 Qc6 70. Qxd3 e2 71. b5 Qd6 72. Qf3 Qxf4 73. Qxf4 e1=Q 74. Qc7+
Kf6 75. Qf4+ Kg7 76. Qc7+ Re7 77. Qxe7+ Qxe7 {White resigns} 0-1

[Event "Team 45 45 League T46"]
[Site "Internet Chess Club"]
[Date "2010.08.20"]
[Round "3"]
[White "mongmong"]
[Black "Tjet"]
[Result "1/2-1/2"]
[WhiteElo "1465"]
[BlackElo "1543"]
[Opening "Old Indian: Tartakower (Wade) variation"]
[ECO "A41"]
[Time "20:08:46"]
[TimeControl "2700+45"]

1. d4 d6 2. Nf3 Bg4 3. e3 g6 4. h3 Bxf3 5. Qxf3 c6 6. Bd3 Bg7 7. c3 e6 8. Nd2
Nf6 9. O-O O-O 10. e4 Nfd7 11. Qe2 a6 12. f4 e5 13. Nf3 exd4 14. cxd4 c5 15. Be3
b6 16. Rac1 cxd4 17. Bxd4 Nc5 18. Bxg7 Kxg7 19. Bc4 b5 20. Bd5 Ra7 21. b4 Ncd7
22. Qb2+ Kg8 23. Rfd1 Nf6 24. Qd4 Qe7 25. Re1 Nxd5 26. Qxd5 Rd8 27. Rcd1 a5 28.
Qxb5 axb4 29. Qxb4 Rxa2 30. e5 Qa7+ 31. Qd4 Qxd4+ 32. Rxd4 d5 33. Red1 Ra5 34.
g4 Nc6 35. R4d3 Ne7 36. Nd4 Ra4 37. Kg2 Kg7 38. f5 Kg8 39. Kg3 Rc8 40. Kf4 h6
41. h4 Rc2 42. Kg3 Rcc4 43. Kf3 gxf5 44. gxf5 Nxf5 45. Nxf5 Rf4+ 46. Kg3 Rxf5
47. Rxd5 Raf4 48. Rd8+ Kg7 49. Re1 Rf3+ 50. Kg2 Rf2+ 51. Kg3 R2f3+ {Game drawn
by mutual agreement} 1/2-1/2

[Event "Team 45 45 League T46"]
[Site "Internet Chess Club"]
[Date "2010.08.21"]
[Round "3"]
[White "malihini"]
[Black "seattleblues"]
[Result "1/2-1/2"]
[WhiteElo "1234"]
[BlackElo "1264"]
[Opening "French: advance variation"]
[ECO "C02"]
[Time "21:00:16"]
[TimeControl "2700+45"]

1. e4 e6 2. d4 d5 3. e5 c5 4. c3 Nc6 5. Bb5 Bd7 6. Nf3 Qb6 7. Bxc6 Bxc6 8. O-O
Ne7 9. Nbd2 Nf5 10. Nb3 cxd4 11. Nbxd4 Nxd4 12. cxd4 Bb5 13. Re1 Be7 14. Bd2 O-O
15. Qb3 Rac8 16. a4 Bc4 17. Qxb6 axb6 18. Bc3 Ra8 19. Nd2 b5 20. Nxc4 bxc4 21.
a5 Rfb8 22. Reb1 Rc8 23. b4 cxb3 24. Rxb3 Rc4 25. Rxb7 Rxc3 26. Rxe7 Rcc8 27.
Rb7 Rxa5 28. Rbb1 Rxa1 29. Rxa1 g6 30. f4 Rc4 31. Rd1 Kf8 32. Kf2 Rc2+ 33. Kf3
Rc3+ 34. Kf2 h5 35. Ke2 Rc2+ 36. Rd2 Rc3 37. Rd3 Rc2+ 38. Rd2 Rc4 39. Kd3 Ke7
40. Rc2 Rxc2 41. Kxc2 Kd7 42. Kc3 Kc6 43. Kb4 Kb6 44. Ka4 Ka6 45. Kb4 Kb6 46. h4
Kc6 47. g3 Kb6 48. Ka4 Ka6 49. Kb4 Kb6 50. Ka4 Ka6 {Game drawn by mutual
agreement} 1/2-1/2

[Event "Team 45 45 League T46"]
[Site "Internet Chess Club"]
[Date "2010.08.20"]
[Round "3"]
[White "Conjurer"]
[Black "otib2006"]
[Result "1-0"]
[WhiteElo "1287"]
[BlackElo "1300"]
[Opening "Queen's pawn game"]
[ECO "E20"]
[Time "12:05:20"]
[TimeControl "2700+45"]

1. d4 Nf6 2. c4 e6 3. Nc3 Be7 4. Nf3 O-O 5. e4 d5 6. e5 Nfd7 7. cxd5 exd5 8.
Nxd5 Nb6 9. Nxe7+ Qxe7 10. Bd3 Bg4 11. O-O Nc6 12. Bxh7+ Kxh7 13. Ng5+ Qxg5 14.
Bxg5 Bxd1 15. Raxd1 f6 16. Bf4 fxe5 17. Bxe5 Nxe5 18. dxe5 Nc4 19. e6 Nxb2 20.
Rd7 Rfe8 21. Re1 Nc4 22. Rxc7 Nd6 23. Rd7 Rad8 24. Rd1 Rxd7 25. exd7 Rd8 26.
Rxd6 Kg8 27. Kf1 Kf7 28. Ke2 Ke7 29. Rg6 Kf7 30. Rd6 Ke7 31. Rd3 Rxd7 32. Rxd7+
Kxd7 33. Kd3 Kd6 34. Kd4 a5 35. a4 Kc6 36. Kc4 b6 37. h4 g6 38. g4 Kd6 39. Kb5
Kc7 40. h5 gxh5 41. gxh5 Kd7 42. h6 Ke7 43. h7 Kf7 44. h8=Q {Black resigns} 1-0

[Event "Team 45 45 League T46"]
[Site "Internet Chess Club"]
[Date "2010.08.20"]
[Round "3"]
[White "kabindra"]
[Black "viking99"]
[Result "1-0"]
[WhiteElo "1748"]
[BlackElo "1819"]
[Opening "French: Tarrasch, closed variation, main line"]
[ECO "C06"]
[Time "10:01:47"]
[TimeControl "2700+45"]

1. e4 e6 2. d4 d5 3. Nd2 Nf6 4. e5 Nfd7 5. Bd3 c5 6. c3 Nc6 7. Ne2 cxd4 8. cxd4
f6 9. Nf4 Nxd4 10. Qh5+ Ke7 11. exf6+ Nxf6 12. Ng6+ Kd7 13. Qh4 hxg6 14. Qxh8
Nf5 15. Bxf5 gxf5 16. O-O b6 17. Nf3 Ng4 18. h3 Nf6 19. Ne5+ Ke8 20. Ng6 Kf7 21.
Ne5+ Ke8 22. Bg5 Bb7 23. Rfe1 Qe7 24. Ng6 Qf7 25. Qxf8+ Qxf8 26. Nxf8 Kxf8 27.
Bxf6 gxf6 28. Rxe6 Kf7 29. Rae1 Kg6 30. Rd6 f4 31. Ree6 Rf8 32. Re7 Ba8 33. Rxa7
Kf5 34. Rxb6 Rg8 35. f3 Rd8 36. Raa6 d4 37. Rxf6+ Ke5 38. Rae6+ Kd5 39. Re1 d3
40. Rxf4 d2 41. Rd1 Kc5 42. Kf2 Bd5 43. b3 Bg8 44. Ke2 {Black resigns} 1-0

[Event "Team 45 45 League T46"]
[Site "Internet Chess Club"]
[Date "2010.08.21"]
[Round "3"]
[White "Rookmaster"]
[Black "Twan709"]
[Result "1/2-1/2"]
[WhiteElo "1740"]
[BlackElo "1794"]
[Opening "Sicilian: Nimzovich-Rossolimo attack (without ...d6)"]
[ECO "B30"]
[Time "10:30:39"]
[TimeControl "2700+45"]

1. e4 c5 2. Nf3 Nc6 3. Bb5 d6 4. Bxc6+ bxc6 5. d4 cxd4 6. Nxd4 c5 7. Nb3 Bb7 8.
Qe2 e6 9. O-O Nf6 10. Bg5 Be7 11. Nc3 O-O 12. f4 d5 13. Bxf6 Bxf6 14. Nxc5 Bd4+
15. Kh1 Bxc5 16. exd5 exd5 17. Rad1 d4 18. Na4 Bb6 19. Qg4 f5 20. Qg3 Qd5 21.
Rfe1 Rfe8 22. Re5 Rxe5 23. fxe5 f4 24. Qg4 f3 25. Nxb6 fxg2+ 26. Kg1 axb6 27. e6
Qe4 28. Qxe4 Bxe4 29. Rxd4 Bb7 30. Rd7 Rb8 31. e7 Re8 32. Rxb7 Kf7 33. Kxg2 Rxe7
34. Rxe7+ Kxe7 35. Kf3 Kd6 36. Ke4 Kc5 37. Ke5 b5 38. Ke6 Kd4 39. Kf7 Ke3 40.
Kxg7 Kd2 41. c4 bxc4 42. a4 Kc2 43. a5 Kxb2 44. a6 c3 45. a7 c2 46. a8=Q c1=Q
47. Qb8+ Ka2 48. Qa7+ Kb3 49. Qf7+ Kb2 50. Qf2+ Kb1 51. Kxh7 Qc7+ 52. Kg6 Qc6+
53. Kg5 Qc1+ 54. Kg4 Qc4+ 55. Kg3 Qg8+ 56. Kh3 Qh7+ 57. Kg2 Qg6+ 58. Kf1 Qa6+
59. Ke1 Qa5+ 60. Kf1 Qa6+ 61. Qe2 Qf6+ 62. Kg2 Qg5+ 63. Kf2 Qf4+ 64. Kg2 Qg5+
65. Kh3 Qh6+ 66. Kg4 Qg6+ 67. Kf4 Qf6+ 68. Ke3 Qh6+ 69. Kd3 Qd6+ 70. Kc3 Qa3+
71. Kd2 Qc1+ 72. Kd3 Qa3+ 73. Ke4 Qe7+ 74. Kf3 Qf6+ 75. Kg3 Qd6+ 76. Kg2 Qc6+
77. Qf3 Qc2+ 78. Qf2 Qc6+ 79. Kg1 Qg6+ 80. Kh1 Qe4+ 81. Qg2 Qh4 82. Qb7+ Ka1 83.
Qa6+ Kb1 84. Qf1+ Ka2 85. Kg1 Kb3 86. Qf3+ Kc4 87. h3 Qg5+ 88. Qg4+ Qxg4+ 89.
hxg4 Kd5 90. Kh2 Ke5 91. Kh3 Kf6 92. Kh4 Kg6 93. g5 Kg7 94. Kh5 Kh7 95. g6+ Kg7
96. Kg5 {Game drawn by mutual agreement} 1/2-1/2

[Event "Team 45 45 League T46"]
[Site "Internet Chess Club"]
[Date "2010.08.19"]
[Round "3"]
[White "cepheid"]
[Black "Kingofknights"]
[Result "0-1"]
[WhiteElo "1647"]
[BlackElo "1665"]
[Opening "Caro-Kann: exchange variation"]
[ECO "B13"]
[Time "20:30:38"]
[TimeControl "2700+45"]

1. e4 c6 2. d4 d5 3. exd5 cxd5 4. Bd3 Nc6 5. c3 e5 6. dxe5 Nxe5 7. Qe2 Qe7 8.
Bc2 Bd7 9. Be3 Nc4 10. Bc1 Nf6 11. Nd2 a6 12. Bd3 Ne5 13. Bc2 Bb5 14. c4 dxc4
15. a4 Bc6 16. f3 Rd8 17. Nh3 Nd3+ 18. Bxd3 cxd3 19. Qxe7+ Bxe7 20. O-O Bc5+ 21.
Nf2 O-O 22. Nb3 Ba7 23. Bd2 Bd5 24. Nc1 Bc4 25. Kh1 Rfe8 26. b3 Be6 27. Ra2 Bf5
28. Bg5 Rd7 29. Rd2 Be3 30. Bxe3 Rxe3 31. Nd1 Re2 32. Nxe2 dxe2 33. Rxe2 Bd3 34.
Rd2 Bxf1 35. Rxd7 Nxd7 36. Nc3 Bd3 37. b4 f6 38. Kg1 Bc4 39. Kf2 Ne5 40. Ke3 Kf7
41. Kd4 Bf1 42. f4 Nc6+ 43. Kc5 Bxg2 44. b5 axb5 45. axb5 Nd8 46. Kd6 Ne6 47. f5
Nd4 48. Na4 Nxb5+ 49. Kc5 Na3 50. Nc3 Nc2 51. Ne2 Ne3 52. Nd4 Be4 53. Kb6 Nxf5
54. Nxf5 Bxf5 55. Kxb7 Ke6 {White resigns} 0-1

[Event "Team 45 45 League T46"]
[Site "Internet Chess Club"]
[Date "2010.08.20"]
[Round "3"]
[White "badmove"]
[Black "slowdown"]
[Result "0-1"]
[WhiteElo "1730"]
[BlackElo "1658"]
[Opening "Ruy Lopez: Wormald (Alapin) attack"]
[ECO "C77"]
[Time "17:00:06"]
[TimeControl "2700+45"]

1. e4 e5 2. Nf3 Nc6 3. Bb5 a6 4. Ba4 Nf6 5. Qe2 d6 6. c3 Be7 7. d4 b5 8. Bc2 O-O
9. O-O Bg4 10. d5 Na5 11. h3 Bd7 12. Nbd2 c6 13. dxc6 Bxc6 14. Rd1 Qc7 15. Nf1
Rfe8 16. Ng3 Nb7 17. Nf5 Nc5 18. Ng3 h6 19. b4 Ncd7 20. c4 bxc4 21. Qxc4 Nb6 22.
Qc3 Bf8 23. a4 Qb7 24. Qe1 Rac8 25. Qe2 Qd7 26. Be3 Nxa4 27. Bxa4 Bxa4 28. Rd2
Bb5 29. Qd1 Qb7 30. Nh4 Nxe4 31. Bxh6 Nxd2 32. Nh5 Re6 33. Bxd2 Rc4 34. Nf3 d5
35. Ng3 Bxb4 36. Bxb4 Rxb4 37. Rc1 Rc4 38. Rxc4 Bxc4 39. Nd2 Bd3 40. Nb3 Rb6 41.
Qxd3 Rxb3 42. Qf5 Qe7 43. Qc8+ Qf8 44. Qxa6 d4 45. Ne4 Rb8 46. Qe2 Rd8 47. Ng5
g6 48. Qxe5 d3 49. Qe1 d2 50. Qd1 Qc5 {White resigns} 0-1

[Event "Team 45 45 League T46"]
[Site "Internet Chess Club"]
[Date "2010.08.20"]
[Round "3"]
[White "RamRock"]
[Black "Guoruey"]
[Result "0-1"]
[WhiteElo "1802"]
[BlackElo "1929"]
[Opening "Sicilian"]
[ECO "B50"]
[Time "21:23:48"]
[TimeControl "2700+45"]

1. e4 c5 2. Nf3 d6 3. c3 Nf6 4. h3 Nc6 5. d4 cxd4 6. cxd4 Nxe4 7. d5 Qa5+ 8. Nc3
Nxc3 9. bxc3 Ne5 10. Nxe5 Qxc3+ 11. Bd2 Qxe5+ 12. Be2 g6 13. O-O Qxd5 14. Rb1
Bg7 15. Bb5+ Bd7 16. Qa4 Bc6 17. Bxc6+ Qxc6 18. Qh4 O-O 19. Qxe7 b6 20. Rbc1 Qd5
21. Bb4 Qxa2 22. Bxd6 Rfe8 23. Qb7 Qe6 24. Bb4 Qe4 25. Qxe4 Rxe4 26. Bd6 a5 27.
Rc6 b5 28. Rfc1 Ree8 29. Rc7 b4 30. Rb7 Bc3 31. Be7 Rxe7 32. Rxe7 a4 33. Rxc3
bxc3 34. Re2 a3 35. Ra2 c2 {White resigns} 0-1

[Event "Team 45 45 League T46"]
[Site "Internet Chess Club"]
[Date "2010.08.22"]
[Round "3"]
[White "MeanMrMustard"]
[Black "picante"]
[Result "1/2-1/2"]
[WhiteElo "1861"]
[BlackElo "1805"]
[Opening "Sicilian: chameleon variation"]
[ECO "B23"]
[Time "14:30:51"]
[TimeControl "2700+45"]

1. e4 c5 2. Nc3 Nc6 3. Nge2 d6 4. g3 Bg4 5. Bg2 e5 6. O-O Qd7 7. Nd5 h5 8. f3
Be6 9. c3 f5 10. f4 Be7 11. d4 {Game drawn by mutual agreement} 1/2-1/2

[Event "Team 45 45 League T46"]
[Site "Internet Chess Club"]
[Date "2010.08.24"]
[Round "3"]
[White "RD1974"]
[Black "Carnivore"]
[Result "0-1"]
[WhiteElo "1833"]
[BlackElo "1778"]
[Opening "Bishop's opening: Berlin defense"]
[ECO "C24"]
[Time "16:01:27"]
[TimeControl "2700+45"]

1. e4 e5 2. Bc4 Nf6 3. d3 Be7 4. Nf3 d6 5. Nc3 O-O 6. O-O c6 7. d4 Qc7 8. Qd3
Nbd7 9. a4 h6 10. Nh4 exd4 11. Nf5 Ne5 12. Qxd4 Bxf5 13. exf5 d5 14. Bb3 Bd6 15.
h3 Rfe8 16. Be3 a6 17. Ne2 c5 18. Qd2 d4 19. Bxh6 gxh6 20. Qxh6 Nh7 21. Nf4 Nf3+
22. gxf3 Bxf4 23. Qh5 c4 24. Bxc4 Qxc4 25. Qg4+ Bg5 26. h4 f6 27. hxg5 fxg5 28.
c3 Rac8 29. cxd4 Rcd8 30. Qh5 Qxd4 31. Rfe1 Rxe1+ 32. Rxe1 Qf6 33. Re6 Qxf5 34.
Rg6+ Kh8 35. Rh6 Rg8 36. Kg2 Rf8 37. Rb6 Qf7 38. Qg4 Nf6 39. Qd4 Kh7 40. Qd3+
Kh6 41. b4 Kh5 42. Qf5 Qg7 43. b5 axb5 44. axb5 Rf7 45. Rd6 Kh6 46. b6 Qg6 47.
Qe6 Kg7 48. Rd8 g4 49. f4 Qe4+ 50. Qxe4 Nxe4 51. f3 gxf3+ 52. Kxf3 Nc5 53. Rd6
Rf6 54. Rd5 Rc6 55. f5 Kf6 56. Kg4 Na4 57. Rd8 Nxb6 58. Rf8+ Ke7 59. Rh8 Nd7 60.
Rh7+ Kd6 61. Kg5 b5 62. f6 b4 63. Rh8 b3 64. f7 Ke7 65. Rh1 Rc4 66. Rb1 Rb4 67.
Kg6 Ne5+ 68. Kf5 Nxf7 69. Re1+ Kd6 70. Rd1+ Kc5 71. Rc1+ Rc4 72. Rb1 Kb4 73. Ke6
Nd8+ 74. Kd5 Rc2 75. Kd4 Nc6+ 76. Kd3 Ne5+ 77. Kd4 Nc4 78. Kd3 Na3 79. Rh1 b2
80. Rh8 Rc5 81. Rh4+ Kb3 82. Kd2 b1=Q 83. Rh3+ Kb4 84. Rh4+ Rc4 85. Re4 Qc1+ 86.
Kd3 Qd1+ 87. Ke3 Nc2+ 88. Kf4 Rxe4+ 89. Kxe4 Qd4+ 90. Kf5 Kc5 91. Kg5 Qf2 92.
Kg4 Kd5 93. Kg5 Ke4 94. Kg4 Qg2+ 95. Kh5 Kf4 {White resigns} 0-1

[Event "Team 45 45 League T46"]
[Site "Internet Chess Club"]
[Date "2010.08.20"]
[Round "3"]
[White "christinaa"]
[Black "Tamarin"]
[Result "1-0"]
[WhiteElo "1964"]
[BlackElo "1803"]
[Opening "Ruy Lopez: Berlin defense, 4.O-O, d6"]
[ECO "C66"]
[Time "20:30:32"]
[TimeControl "2700+45"]

1. e4 e5 2. Nf3 Nc6 3. Bb5 Nf6 4. O-O d6 5. h3 Nxe4 6. d4 a6 7. Ba4 b5 8. Bb3
Bb7 9. dxe5 dxe5 10. Qe2 Nd4 11. Nxd4 Qxd4 12. Rd1 Ng3 13. Qe1 Qe4 14. f3 Qxe1+
15. Rxe1 f6 16. Be6 Bc8 17. Bd5 Rb8 18. f4 Bd6 19. fxe5 Bxe5 20. Bf4 Kd7 21.
Rxe5 fxe5 22. Bxg3 Kd6 23. Be4 Bb7 24. Nc3 b4 25. Rd1+ Ke6 26. Nd5 c5 27. Nc7+
Kf6 28. Bh4+ Kf7 29. Rd7+ Kf8 30. Ne6+ {Black resigns} 1-0

[Event "Team 45 45 League T46"]
[Site "Internet Chess Club"]
[Date "2010.08.23"]
[Round "3"]
[White "egyptiantiger"]
[Black "QueensCounselor"]
[Result "0-1"]
[WhiteElo "2121"]
[BlackElo "2192"]
[Opening "Neo-Grünfeld, 6.O-O c6"]
[ECO "D78"]
[Time "09:00:46"]
[TimeControl "2700+45"]

1. d4 Nf6 2. c4 g6 3. Nf3 Bg7 4. g3 O-O 5. Bg2 c6 6. O-O d5 7. Nc3 dxc4 8. Ne5
Be6 9. e4 Nfd7 10. Nf3 Bg4 11. h3 Bxf3 12. Bxf3 Qb6 13. e5 Rd8 14. Na4 Qa5 15.
Bd2 Qb5 16. Qc2 Nb6 17. Nc3 Qa6 18. e6 Bxd4 19. exf7+ Kxf7 20. Ne4 Kg8 21. Ng5
e5 22. Be4 Rd6 23. Kh2 N8d7 24. f4 Rf8 25. f5 Qa4 26. b3 cxb3 27. axb3 Qb5 28.
Bd3 Qc5 29. Rxa7 Qxc2 30. Bxc2 Nc4 31. bxc4 Bxa7 32. Bc3 gxf5 33. Bxf5 Bd4 34.
Ne4 Rh6 35. Bd2 Rxf5 36. Rxf5 Rg6 37. g4 Nb6 38. Nf6+ Kh8 39. Nh5 Nxc4 40. Bh6
e4 41. g5 e3 42. Rf8+ Rg8 43. Rf7 e2 44. Nf6 Bxf6 45. gxf6 e1=Q 46. Bg7+ Rxg7
47. fxg7+ {White resigns} 0-1

[Event "Team 45 45 League T46"]
[Site "Internet Chess Club"]
[Date "2010.08.23"]
[Round "3"]
[White "fledermaus"]
[Black "imgr8"]
[Result "0-1"]
[WhiteElo "1933"]
[BlackElo "2127"]
[Opening "QGD: Tarrasch, Prague variation, 9.Bg5"]
[ECO "D34"]
[Time "14:11:39"]
[TimeControl "2700+45"]

1. d4 d5 2. Nf3 e6 3. c4 c5 4. cxd5 exd5 5. g3 Nc6 6. Nc3 Nf6 7. Bg2 Be7 8. O-O
O-O 9. Bg5 c4 10. Ne5 Be6 11. b3 Qa5 12. Nxc6 bxc6 13. Qc2 h6 14. Bd2 Qa6 15.
bxc4 dxc4 16. e4 Rfd8 17. Ne2 Rab8 18. Rfb1 Rb5 19. Bc3 Rdb8 20. Nf4 Bd7 21. Bf1
g5 22. Ng2 Rxb1 23. Rxb1 Rxb1 24. Qxb1 Qa3 25. Qc2 Be6 26. f3 Nd7 27. Ne3 Nb6
28. Qb2 Qxb2 29. Bxb2 Bb4 30. a3 Bd2 31. Nc2 c3 32. Ba1 Bb3 33. Bd3 Bxc2 34.
Bxc2 Nc4 35. Ba4 Nxa3 36. Bxc6 c2 37. Bb2 Nc4 38. Ba4 Nxb2 39. Bxc2 Be3+ {White
resigns} 0-1

[Event "Team 45 45 League T46"]
[Site "Internet Chess Club"]
[Date "2010.08.22"]
[Round "3"]
[White "jefferyx"]
[Black "jonesey"]
[Result "1-0"]
[WhiteElo "2017"]
[BlackElo "1952"]
[Opening "Ruy Lopez: closed, anti-Marshall 8.a4"]
[ECO "C88"]
[Time "10:13:10"]
[TimeControl "2700+45"]

1. e4 e5 2. Nf3 Nc6 3. Bb5 a6 4. Ba4 Nf6 5. O-O Be7 6. Re1 b5 7. Bb3 O-O 8. a4
b4 9. c3 d5 10. exd5 Nxd5 11. Nxe5 Nxe5 12. Rxe5 c6 13. c4 Bd6 14. Re1 Qh4 15.
g3 Qh3 16. Re4 Nf4 17. gxf4 Bg4 18. Re3 Qh5 19. Qf1 Bf3 20. Rxf3 Qxf3 21. d3 Bc5
22. Nd2 Qh5 23. Ne4 Bd4 24. Be3 Rad8 25. Rd1 c5 26. Qg2 Kh8 27. Rd2 Rfe8 28. Bd1
Qh6 29. Qg5 Qc6 30. Bxd4 cxd4 31. b3 h6 32. Qg4 f5 33. Qxf5 Rf8 34. Qg4 Rde8 35.
Bf3 Qc7 36. f5 Qe5 37. Re2 Qa5 38. Nd6 Rxe2 39. Bxe2 Qe5 40. Ne4 Rxf5 41. Qg6 a5
42. Bg4 Rf4 43. c5 {Black resigns} 1-0

[Event "Team 45 45 League T46"]
[Site "Internet Chess Club"]
[Date "2010.08.22"]
[Round "3"]
[White "smitty120"]
[Black "spand42"]
[Result "0-1"]
[WhiteElo "1843"]
[BlackElo "1907"]
[Opening "Sicilian: Sveshnikov variation"]
[ECO "B33"]
[Time "14:02:51"]
[TimeControl "2700+45"]

1. e4 c5 2. Nf3 Nc6 3. d4 cxd4 4. Nxd4 Nf6 5. Nc3 e5 6. Ndb5 d6 7. Bg5 a6 8. Na3
b5 9. Bxf6 gxf6 10. Nd5 f5 11. Bd3 Be6 12. c4 Bxd5 13. exd5 Ne7 14. cxb5 Bg7 15.
Qb3 e4 16. Be2 Qa5+ 17. Kf1 O-O 18. Rd1 Rfd8 19. b6 Rab8 20. Nc4 Qc5 21. Qa4
Nxd5 22. a3 Nxb6 23. Nxb6 Qxb6 24. b4 Bd4 25. f3 Be5 26. Qb3 Rbc8 27. Bc4 d5 28.
Bxd5 Rc3 29. Qa4 Rdc8 30. Qd7 Rc2 31. Bxf7+ Kh8 32. Rd2 Rxd2 33. Qxd2 e3 34. Qd5
Qc7 35. Qc5 Qxc5 36. bxc5 Rxc5 37. Ke2 f4 38. Kd3 Rc3+ 39. Ke4 Bc7 40. a4 Rc2
41. Rg1 Ba5 {White forfeits on time} 0-1

[Event "Team 45 45 League T46"]
[Site "Internet Chess Club"]
[Date "2010.08.22"]
[Round "3"]
[White "MikeA"]
[Black "TerryMalloy"]
[Result "1/2-1/2"]
[WhiteElo "2146"]
[BlackElo "2051"]
[Opening "Petrov: modern attack, Symmetrical variation"]
[ECO "C43"]
[Time "16:09:13"]
[TimeControl "2700+45"]

1. e4 e5 2. Nf3 Nf6 3. d4 Nxe4 4. Bd3 Nc6 5. dxe5 Nc5 6. Bc4 d6 7. Bf4 Ne6 8.
Bg3 dxe5 9. Qxd8+ Nexd8 10. Nxe5 Nd4 11. Kd2 Be6 12. Re1 Bd6 13. Bxe6 N8xe6 14.
c3 Nf5 15. Nf3 Nxg3 16. hxg3 O-O-O 17. Kc2 Rhe8 18. Nbd2 f6 19. Rad1 Bc5 20. Ne4
Rxd1 21. Rxd1 Bf8 22. Nd4 Nxd4+ 23. Rxd4 h6 24. b4 f5 25. Nd2 Rd8 26. Rf4 g6 27.
g4 Bd6 28. Rc4 fxg4 29. Rxg4 g5 30. g3 Rf8 31. Ne4 Be7 32. f4 gxf4 33. gxf4 h5
34. Rg7 Bd6 35. Rh7 Rxf4 36. Rh8+ Kd7 37. Nxd6 Kxd6 38. Rxh5 a6 39. Kb3 Rf3 40.
Rh2 Kc6 41. Rd2 b5 42. Kb2 Kb6 43. Rd4 Rf2+ 44. Kb3 Rf3 45. a3 Rh3 46. Rd8 Kb7
47. Re8 Rg3 48. Re7 {Game drawn by mutual agreement} 1/2-1/2